Map: Old Sun Temple LE

Players

Zaechus - Winner!

  • Race: Protoss Protoss
  • League: Diamond

may

  • Race: Zerg Zerg

VOD

https://youtu.be/3yUYIrrtVLE

Description

Time

  • Played on: July 24, 2026, 8:20 a.m.
  • Length: 6:48
Show
View Real Time Build Order
Export as new Build Order

Zaechus Protoss - Winner!

Build Orders:  

Get SALT Encoding   

  8  0:00  Probe (Chrono Boost)  
  9  0:12  Probe (Chrono Boost)  
  10  0:18  Probe (Chrono Boost)  
  11  0:27  Probe  
  12  0:33  Pylon  
  12  0:39  Probe  
  13  0:51  Probe  
  14  0:59  Gateway  
  14  1:03  Probe  
  15  1:17  Probe  
  16  1:29  Probe  
  17  1:41  Probe  
  17  1:45  Nexus  
  18  1:51  Assimilator  
  18  2:02  Cybernetics Core  
  18  2:04  Probe  
  19  2:13  Pylon  
  19  2:16  Probe (Chrono Boost)  
  19  2:20  Assimilator  
  20  2:27  Probe (Chrono Boost)  
  21  2:31  Probe (Chrono Boost)  
  21  2:36  Adept (Chrono Boost)  
  22  2:43  Probe  
  25  2:46  Warp Gate  
  25  2:55  Probe  
  25  2:57  Probe  
  27  2:59  Adept (Chrono Boost)  
  29  3:08  Twilight Council  
  29  3:09  Probe (Chrono Boost)  
  29  3:10  Probe (Chrono Boost)  
  33  3:20  Probe (Chrono Boost)  
  33  3:22  Probe (Chrono Boost)  
  33  3:24  Adept  
  33  3:25  Probe (Chrono Boost)  
  36  3:31  Probe  
  37  3:35  Forge  
  37  3:38  Probe  
  38  3:43  Probe  
  38  3:44  Pylon  
  39  3:50  Probe  
  40  3:57  Probe  
  41  4:08  Probe  
  40  4:13  Probe  
  40  4:15  Protoss Ground Weapons Level 1 (Chrono Boost)  
  41  4:20  Probe  
  41  4:21  Charge  
  42  4:27  Gateway  
  42  4:29  Gateway  
  42  4:30  Probe, Pylon  
  43  4:34  Probe  
  42  4:38  Gateway  
  42  4:39  Stalker  
  42  4:42  Probe, Shield Battery  
  45  4:46  Probe  
  45  4:47  Pylon  
  46  4:53  Stalker  
  46  4:54  Probe  
  50  5:00  Probe  
  50  5:06  Probe  
  51  5:10  Pylon  
  51  5:12  Pylon x2, Probe  
  52  5:17  Zealot  
  52  5:18  Zealot x2, Probe  
  59  5:26  Pylon  
  59  5:27  Zealot  
  61  5:31  Zealot x3  
  67  5:40  Zealot  
  69  5:44  Zealot  
  69  5:45  Zealot x2  
  69  5:48  Probe  
  69  5:49  Probe  
  77  5:51  Pylon  
  77  5:54  Zealot  
  79  6:00  Probe  
  79  6:01  Probe  
  79  6:02  Zealot x3  
  87  6:13  Pylon  
  87  6:15  Zealot x3  
  93  6:19  Zealot, Nexus  
  94  6:28  Zealot  
  94  6:29  Zealot  
  98  6:46  Robotics Facility  
Show
View Real Time Build Order
Export as new Build Order

may Zerg 

Build Orders: Hatch First 

Get SALT Encoding   

  8  0:00  Drone  
  9  0:10  Drone  
  10  0:16  Drone  
  11  0:27  Overlord  
  11  0:33  Drone  
  12  0:45  Drone x2  
  14  0:50  Drone  
  15  1:11  Hatchery  
  14  1:14  Drone  
  14  1:18  Drone  
  16  1:23  Drone  
  17  1:36  Spawning Pool  
  17  1:39  Drone  
  17  1:43  Drone  
  18  1:48  Extractor  
  18  1:50  Drone  
  18  2:00  Drone  
  19  2:10  Overlord  
  19  2:20  Drone  
  20  2:24  Queen x2  
  20  2:29  Drone  
  25  2:30  Drone  
  25  2:35  Drone  
  27  2:40  Drone  
  28  2:44  Zergling x2  
  29  2:52  Metabolic Boost  
  29  2:54  Drone x2  
  31  2:59  Overlord  
  31  3:06  Drone  
  32  3:15  Hatchery  
  32  3:16  Drone  
  32  3:19  Drone  
  33  3:21  Drone  
  33  3:24  Zergling x2  
  35  3:31  Queen  
  37  3:35  Drone x3  
  37  3:40  Overlord  
  40  3:49  Overlord  
  39  3:56  Drone  
  39  4:02  Zergling x6  
  42  4:07  Drone  
  41  4:10  Drone  
  41  4:12  Drone  
  41  4:14  Spore Crawler  
  41  4:16  Spore Crawler  
  41  4:17  Drone  
  42  4:18  Drone  
  42  4:23  Drone  
  45  4:24  Drone, Queen  
  45  4:30  Spore Crawler  
  47  4:32  Drone  
  47  4:33  Drone  
  49  4:40  Drone x4  
  53  4:46  Drone  
  54  4:54  Drone x3  
  54  4:57  Overlord  
  54  4:58  Overlord x2  
  54  4:59  Drone x2  
  60  5:00  Drone  
  60  5:14  Extractor  
  60  5:15  Queen  
  60  5:17  Drone x3  
  60  5:18  Drone x4  
  60  5:19  Evolution Chamber  
  60  5:21  Evolution Chamber  
  66  5:22  Zergling x2  
  66  5:25  Queen  
  66  5:27  Drone  
  70  5:30  Zergling x6  
  70  5:34  Drone x4  
  77  5:44  Overlord x2  
  77  6:00  Overlord x3  
  77  6:04  Drone  
  77  6:05  Drone x3  
  77  6:07  Zergling x10  
  85  6:11  Queen  
  85  6:14  Baneling Nest  
  85  6:17  Zergling x6  
  88  6:21  Zergling x6  
  91  6:30  Zergling x8  
Tags
 
Add a new tag
Caveats
  • Supply blocks, unpowered buildings, or Contaminate may cause inaccurate times.
  • Supply counts are checked every 10 seconds.